 Dungeon Crawl Stone Soup version 0.27-a0-941-g386ccf399c (webtiles) character file.

Game seed: 8730652179114786348

5946 DarkShadow the Cleaver (level 10, -2/90 HPs)
             Began as a Minotaur Fighter on Apr 10, 2021.
             Was an Initiate of Gozag.
             Slain by a death knight
             ... wielding a +4 battleaxe
              (19 damage)
             ... on level 9 of the Dungeon on Apr 11, 2021.
             The game lasted 00:30:09 (11258 turns).

DarkShadow the Cleaver (Minotaur Fighter)          Turns: 11258, Time: 00:30:10

Health: -2/90      AC: 20    Str: 24    XL:     10   Next: 54%
Magic:  9/9        EV:  6    Int:  5    God:    Gozag
Gold:   1239       SH: 12    Dex: 10    Spells: 9/9 levels left

rFire    . . .     SeeInvis .   a - +0 war axe
rCold    . . .     Faith    .   c - +0 kite shield
rNeg     . . .     Spirit   .   o - +1 plate armour
rPois    .         Reflect  .   (helmet restricted)
rElec    .         Harm     .   u - +0 cloak
rCorr    .         Rampage  .   h - +2 pair of gloves
Will     .....                  (no boots)
Stlth    ..........             (no amulet)
HPRegen  0.25/turn              (no ring)
MPRegen  0.11/turn              (no ring)

@: mighty, gold aura
A: horns 2, retaliatory headbutt
a: Renounce Religion, Potion Petition, Call Merchant, Bribe Branch


You were on level 9 of the Dungeon.
You worshipped Gozag.
Gozag was most pleased with you.
You visited 2 branches of the dungeon, and saw 10 of its levels.

You collected 1319 gold pieces.
You paid 80 gold pieces to Gozag.

Inventory:

Hand Weapons
 a - a +0 war axe (weapon)
Missiles
 s - 4 curare-tipped darts (quivered)
Armour
 b - a +0 scale mail
 c - a +0 kite shield (worn)
 h - a +2 pair of gloves (worn)
 o - a +1 plate armour (worn)
 u - a +0 cloak (worn)
Jewellery
 t - an amulet of faith
Wands
 g - a wand of iceblast (7)
 v - a wand of random effects (22)
Potions
 e - 2 potions of lignification
 i - a potion of mutation {unknown}
 l - 2 potions of cancellation
 m - a potion of attraction {unknown}
 n - a potion of degeneration {unknown}
 p - a potion of brilliance {unknown}
 q - 2 potions of flight


   Skills:
 + Level 8.5 Fighting
 + Level 12.5 Axes
 + Level 9.3 Armour
 + Level 0.4 Stealth
 + Level 9.2 Shields


You had 9 spell levels left.
You didn't know any spells.
Your spell library contained the following spells:

 Spells                   Type           Power      Damage    Failure   Level
 Magic Dart               Conj           0%         1d3       100%        1
 Blink                    Tloc           N/A        N/A       100%        2
 Call Imp                 Summ           0%         N/A       100%        2
 Slow                     Hex            0%         N/A       100%        2
 Confusing Touch          Hex            0%         N/A       100%        3
 Conjure Flame            Conj/Fire      0%         6-21      100%        3
 Gell's Gravitas          Tloc           0%         N/A       100%        3
 Mephitic Cloud           Conj/Pois/Air  0%         N/A       100%        3
 Petrify                  Tmut/Erth      0%         N/A       100%        4
 Metabolic Englaciation   Hex/Ice        0%         N/A       100%        5
 Yara's Violent Unravell  Hex/Tmut       0%         3d3       100%        5


Dungeon Overview and Level Annotations

Branches:
Dungeon (9/15)             Temple (1/1) D:4            Lair (0/6) D:8
    Orc: D:9-12

Altars:
Cheibriados
Dithmenos
Elyvilon
Fedhas
Gozag
Kikubaaqudgha
Makhleb
Nemelex Xobeh
Okawaru
Qazlal
Ru
Trog
Uskayaw
Vehumet
Wu Jian
Xom
Yredelemnul

Shops:
D:1 (*(=


Innate Abilities, Weirdness & Mutations

You have a pair of horns on your head.
You reflexively headbutt those who attack you in melee.


Message History

You block the killer bee's attack.
There is an open door here.
The killer bee stings you but does no damage.
You block the killer bee's attack.
The killer bee stings you but does no damage.
There is an open door here.
The skeletal warrior hits you with a +0 mace.
The killer bee stings you but does no damage.
You block the killer bee's attack.
The killer bee stings you but does no damage.
You closely miss the skeletal warrior. You miss the killer bee.
You slash the death knight! The killer bee closely misses you.
You furiously retaliate!
You headbutt the killer bee!
The death knight hits you with a +4 battleaxe!
* * * LOW HITPOINT WARNING * * *
The skeletal warrior hits you but does no damage.
The killer bee completely misses you.
Okay, then.
You feel very mighty all of a sudden. The killer bee closely misses you.
The death knight offers itself to Yredelemnul, and fills with unholy energy.
The killer bee stings you but does no damage.
You block the skeletal warrior's attack.
You closely miss the death knight. Your headbutt misses the death knight.
The death knight is lightly wounded.
You slash the killer bee!
You kill the killer bee!
You hit the skeletal warrior.
The death knight hits you with a +4 battleaxe.
* * * LOW HITPOINT WARNING * * *
You block the skeletal warrior's attack.
You slash the skeletal warrior!
Your headbutt misses the skeletal warrior.
The skeletal warrior is lightly damaged.
You hit the wraith. You slash the death knight!
The death knight reflects your damage back at you!
* * * LOW HITPOINT WARNING * * *
The death knight hits you with a +4 battleaxe!!
You die...
Your body crumbles into a pile of gold.

*,,,,,,***,,*,<
*,,,,,,* **,+,,
*,,,,,,* ***,,
**+***** *** **,,*
**,,** *,,**
##+######
#@z.....# ###
#pW.....# ######..
#.......# #.......
#.......###.####..
#.......##..# #..
#.......'..## ###
#.......#### *
#.......# ##
###'##### #.


You could see a death knight (reflects damage), a skeletal warrior and a wraith.

Vanquished Creatures
  A skeletal warrior (D:9)
  A cyclops (D:8)
  A shadow (D:7)
  8 yaks (D:8)
  2 vampire mosquitoes (D:8)
  Edmund (D:4)
  6 water moccasins
  An orc warrior (D:6)
  2 hornet zombies
  A black bear (D:8)
  3 ogres
  3 necrophages
  3 centaurs
  A phantom (D:6)
  A kobold brigand (D:8)
  5 bullfrogs
  A scorpion (D:7)
  A wyvern skeleton (D:7)
  2 killer bees (D:9)
  A howler monkey (D:8)
  A bullfrog zombie (D:5)
  2 hounds
  A jelly (D:6)
  3 orc priests
  A gnoll shaman (D:6)
  4 centaur zombies
  Jessica (D:2)
  2 bullfrog skeletons
  An iguana (D:4)
  7 orc wizards
  2 howler monkey zombies
  7 gnolls
  8 adders
  A howler monkey skeleton (D:6)
  3 white imps
  A worm (D:8)
  6 dart slugs
  25 orcs
  9 endoplasms
  4 giant cockroaches
  4 goblins
  10 hobgoblins
  6 jackals
  13 kobolds
  3 quokkas
  10 ball pythons
  4 bats
  4 frilled lizards
  4 rats
192 creatures vanquished.

Vanquished Creatures (others)
  40 fungi (D:8)
  52 plants (D:8)
92 creatures vanquished.

Grand Total: 284 creatures vanquished

Notes
Turn   | Place    | Note
-------+----------+-------------------------------------------
     0 | D:1      | DarkShadow the Minotaur Fighter began the quest for the
                  | Orb.
     0 | D:1      | Reached XP level 1. HP: 19/19 MP: 0/0
    14 | D:1      | Found Lunarph's Jewellery Boutique.
    87 | D:1      | Reached XP level 2. HP: 27/27 MP: 1/1
   338 | D:1      | Found Ligirgh's Antique Weapon Emporium.
   345 | D:1      | Reached skill level 3 in Axes
   451 | D:1      | Found Gatiazese's Antique Weapon Boutique.
   600 | D:1      | Found Yrahis Ezich's General Store.
  1022 | D:1      | Reached XP level 3. HP: 33/33 MP: 2/2
  1360 | D:2      | Noticed Jessica
  1364 | D:2      | Killed Jessica
  1365 | D:2      | Reached skill level 4 in Axes
  1365 | D:2      | Reached XP level 4. HP: 40/40 MP: 3/3
  1886 | D:2      | Found a faded altar of an unknown god.
  2116 | D:2      | You fall into a shaft and drop 1 floor!
  2880 | D:3      | Reached XP level 5. HP: 47/47 MP: 4/4
  2904 | D:3      | Found a sacrificial altar of Ru.
  3192 | D:4      | Noticed Edmund
  3205 | D:4      | Killed Edmund
  3206 | D:4      | Reached skill level 5 in Fighting
  3206 | D:4      | Reached skill level 5 in Axes
  3337 | D:4      | Reached XP level 6. HP: 33/56 MP: 5/5
  3503 | D:4      | Found a shadowy altar of Dithmenos.
  3503 | D:4      | Found a stormy altar of Qazlal.
  3505 | D:4      | Found a sparkling altar of Nemelex Xobeh.
  3606 | D:4      | Found a staircase to the Ecumenical Temple.
  3613 | Temple   | Entered the Ecumenical Temple
  3651 | Temple   | Became a worshipper of Gozag Ym Sagoz the Greedy
  4053 | D:4      | Reached skill level 6 in Axes
  4053 | D:4      | Reached skill level 5 in Armour
  4677 | D:5      | Entered Level 5 of the Dungeon
  4754 | D:5      | Reached XP level 7. HP: 60/61 MP: 6/6
  4859 | D:5      | Reached skill level 7 in Axes
  5808 | D:6      | Reached skill level 5 in Shields
  6483 | D:6      | Reached skill level 8 in Axes
  6483 | D:6      | Reached XP level 8. HP: 21/70 MP: 7/7
  7146 | D:6      | Reached skill level 9 in Axes
  7763 | D:6      | Upgraded the game from 0.27-a0-926-g0e6d9124c6 to
                  | 0.27-a0-941-g386ccf399c
  8266 | D:7      | Reached XP level 9. HP: 78/78 MP: 8/8
  8274 | D:7      | Reached skill level 10 in Axes
  8466 | D:7      | Found a flagged portal.
  8952 | D:7      | Identified the +1 mace "Dishreini" {vorpal, +Inv rElec
                  | rPois rF-}
  9624 | D:8      | Noticed a cyclops
  9639 | D:8      | Killed a cyclops
  9870 | D:8      | Found a snail-covered altar of Cheibriados.
  9898 | D:8      | Found a shimmering altar of Xom.
  9911 | D:8      | Reached skill level 11 in Axes
 10216 | D:8      | Found a staircase to the Lair.
 10239 | D:8      | Reached XP level 10. HP: 75/88 MP: 9/9
 10710 | D:8      | Reached skill level 12 in Axes
 11161 | D:9      | Noticed a skeletal warrior
 11163 | D:9      | Noticed a death knight
 11164 | D:9      | Noticed a skeletal warrior
 11187 | D:9      | Killed a skeletal warrior
 11258 | D:9      | Slain by a death knight

Illustrated notes

Levels and vault maps discovered:
D:1:      minmay_arrival_four_loops, layout_basic, serial_shops,
          nicolae_shop_statue_plus, nicolae_shop_trees, shop_statue, shop_statue
D:2:      layout_basic, hellmonk_ecumenical_altar_leap_of_faith,
          item_on_display_a, uniq_jessica
D:3:      layout_loops_ring, lemuel_doored_altar
D:4:      layout_basic, minitemple, minmay_temple_entry_hall,
          chequers_serial_rivers_micro_d, uniq_edmund
D:5:      layout_loops_ring, chequers_serial_rivers_large_a
D:6:      layout_gridville, nicolae_ossuary_entry_ruins, lightli_minifort
D:7:      layout_loops_corners, enter_bailey_4
D:8:      layout_loops_ring, slow_altar_2, overflow_temple_1_default,
          due_lair_maze_entry_diamond, minmay_sticks_and_stones
D:9:      layout_roguey, nicolae_hepliaklqana_monster_ancestors
Temple:   nicolae_temple_god_jail

Skill      XL: |  1  2  3  4  5  6  7  8  9 10 |
---------------+-------------------------------+-----
Axes           | 3 4 5 6 8 9 11 12 | 12.5
Fighting       | 4 5 6 7 8 |  8.5
Shields        | 4 5 6 8 9 |  9.2
Armour         | 4 5 6 7 8 9 |  9.3
Stealth        | |  0.4

Action                   |  1- 3 |  4- 6 |  7- 9 | 10-12 || total
-------------------------+-------+-------+-------+-------++-------
Melee: War axe           |    76 |   152 |   360 |   127 ||   715
       Headbutt          |     9 |    19 |    55 |    37 ||   120
  Use: Scroll            |       |     5 |     9 |     5 ||    19
       Potion            |       |       |     6 |     1 ||     7
Armor: Scale mail        |    36 |    48 |       |       ||    84
       Plate armour      |       |     7 |   232 |    55 ||   294
Dodge: Dodged            |    22 |    34 |    53 |    28 ||   137
Block: Kite shield       |    39 |    70 |   189 |    54 ||   352

Table legend: (Time is in decaauts)
 A = Elapsed time spent in this place.
 B = Non-inter-level travel time spent in this place.
 C = Inter-level travel time spent in this place.
 D = Time resting spent in this place.
 E = Time spent auto-exploring this place.
 F = Levels seen in this place.
 G = Mean time per level.
                   A        B        C        D        E       F      G
               +--------+--------+--------+--------+--------+-----+--------+
         Total |  11472 |  11267 |    205 |   2500 |   5842 |  10 | 1147.2 |
       Dungeon |  11419 |  11214 |    205 |   2500 |   5813 |   9 | 1268.8 |
        Temple |     53 |     53 |      0 |      0 |     29 |   1 |   53.0 |
               +--------+--------+--------+--------+--------+-----+--------+

Top non-repeatable levels by time:
     D:6: 2290 daAuts
     D:4: 1650 daAuts
     D:8: 1462 daAuts
     D:7: 1322 daAuts
     D:1: 1248 daAuts
     D:5: 1142 daAuts
     D:2: 1137 daAuts
     D:3: 921 daAuts
     D:9: 242 daAuts
  Temple: 53 daAuts
